AoeStats
← 啊超

African Clearing

504263212Analyzed
4v4 RM · 27d ago on Sep 4, 2026· 36m 47s· 8 players
Game mode
Random Map
Map size
Large (8 player)
Population
200
Speed
Normal
Resources
Standard
Victory
Conquest
Starting age
Dark Age
Ending age
Imperial Age
RankedLock teamsTeams togetherTeam positionsShared explorationLock speedFull tech treeHidden civsTurbo modeCheats
Victory
Defeat
🇨🇭 Tupi · Switzerland
1113
+11
🇵🇪 Mapuche · Peru
1077
+13
🇦🇷 Wu · Argentina
1001
+16
🇩🇪 Goths · Germany
959
+17
🇨🇳 Mongols · China
1091
-18
🇬🇧 Chinese · United Kingdom
1015
-15
🇨🇳 Franks · China
971
-13
🇩🇪 Britons · Germany
930
-11
Repl4y
14:39 Feudal Age
16:11 Loom
18:52 Castle Age
18:15 Fletching
19:03 Gold Mining
19:02 Double-Bit Axe
19:00 Horse Collar
19:10 Horse Collar
19:56 Bow Saw
20:13 Bodkin Arrow
20:46 Padded Archer Armor
24:14 Gold Shaft Mining
26:17 Ballistics
27:36 Wheelbarrow
26:46 Town Watch
28:10 Heavy Plow
32:32 Stone Mining
35:58 Imperial Age
34:58 Hand Cart
36:48 Bracer
37:04 Leather Archer Armor
37:52 Chemistry
37:14 Conscription
lnvis
3:53 Loom
13:57 Feudal Age
14:23 Horse Collar
14:31 Double-Bit Axe
14:12 Man-at-Arms
24:22 Castle Age
22:57 Forging
22:47 Scale Mail Armor
25:12 Stone Mining
25:05 Pikeman
25:45 Squires
27:20 Fletching
27:09 Long Swordsman
35:26 Chain Mail Armor
EnanaAtomica
4:52 Loom
14:25 Feudal Age
19:12 Castle Age
18:11 Double-Bit Axe
30:53 Elite Skirmisher
33:28 Fletching
35:23 Ballistics
36:39 Masonry
Nagflar
13:46 Feudal Age
17:38 Double-Bit Axe
23:58 Castle Age
23:47 Stone Mining
23:38 Horse Collar
23:49 Gold Mining
25:20 Pikeman
26:12 Bow Saw
28:02 Forging
29:44 Fletching
31:35 Heavy Plow
31:52 Bodkin Arrow
31:54 Loom
32:34 Padded Archer Armor
33:31 Leather Archer Armor
33:32 Elite Skirmisher
35:31 Wheelbarrow
36:39 Ballistics
37:21 Hand Cart
37:20 Malon
Zwerg
18:53 Feudal Age
24:07 Castle Age
24:10 Fletching
25:30 Stone Mining
25:58 Gold Mining
27:38 Bodkin Arrow
27:44 Padded Archer Armor
30:15 Leather Archer Armor
36:05 Squires
36:04 Double-Bit Axe
37:05 Gold Shaft Mining
36:12 Horse Collar
37:15 Heavy Plow
fifox58
4:38 Loom
16:53 Feudal Age
18:27 Wheelbarrow
19:45 Fletching
24:02 Castle Age
28:07 Hand Cart
ydyk123
8:30 Loom
17:00 Feudal Age
17:53 Double-Bit Axe
23:52 Castle Age
啊超
13:47 Feudal Age
14:00 Loom
22:35 Castle Age
26:43 Double-Bit Axe
33:55 Imperial Age
32:18 Bow Saw
32:02 Gold Mining
34:32 Ballistics
Connection lost

Rejoining the realm…

Still unreachable

The connection could not be restored.

Session expired

The server has moved on; the page needs a fresh start.